 Dungeon Crawl Stone Soup version 0.28.0-53-g5a82cb258f (webtiles) character file.

Game seed: 18395049972343894683

18459 Bruhh the Zephyrmancer (level 12, -8/144 HPs)
             Began as an Ogre Earth Elementalist on May 26, 2022.
             Was a Priest of Vehumet.
             Mangled by a black mamba (16 damage)
             ... on level 5 of the Lair of Beasts.
             The game lasted 00:37:26 (19497 turns).

Bruhh the Zephyrmancer (Ogre Earth Elementalist)   Turns: 19497, Time: 00:37:56

Health: -8/144     AC:  8    Str: 15    XL:     12   Next: 58%
Magic:  1/24       EV:  9    Int: 20    God:    Vehumet [***...]
Gold:   143        SH:  0    Dex:  9    Spells: 11/27 levels left

rFire   . . .      SeeInvis .   l - staff of earth
rCold   . . .      Faith    .   (no shield)
rNeg    . . .      Spirit   .   J - +0 troll leather armour
rPois   .          Reflect  .   (helmet restricted)
rElec   .          Harm     .   g - +2 cloak
rCorr   .          Rampage  .   (gloves unavailable)
Will    +....                   (boots unavailable)
Stlth   ..........              D - amulet of the acrobat
HPRegen 1.14/turn               (no ring)
MPRegen 0.19/turn               (no ring)

@: berserking, lethally poisoned (-8 -> -25), very quick
A: large, unfitting armour, tough skin 1
a: Renounce Religion


You were on level 5 of the Lair of Beasts.
You worshipped Vehumet.
Vehumet was most pleased with you.
You visited 3 branches of the dungeon, and saw 16 of its levels.

You collected 585 gold pieces.
You spent 442 gold pieces at shops.

Inventory:

Hand Weapons
 d - a +0 club
Missiles
 c - 277 stones
 G - 2 throwing nets
Armour
 b - a +0 robe
 g - a +2 cloak (worn)
 E - a +0 kite shield
 J - a +0 troll leather armour (worn)
Magical Staves
 l - a staff of earth (weapon)
Jewellery
 a - a ring of wizardry
 h - a ring of flight
 D - an amulet of the acrobat (around neck)
 L - the amulet of Juret {RegenMP rCorr Stlth+}
   (You found it on level 1 of the Lair of Beasts)

   [amulet of magic regeneration]

   It increases your rate of magic regeneration.
   rCorr:     It protects you from acid and corrosion.
   Stlth:     It makes you more stealthy.
Wands
 y - a wand of flame (28)
 z - a wand of charming (16)
 B - a wand of iceblast (8)
Scrolls
 i - 2 scrolls of fog
 k - a scroll of magic mapping
 o - 2 scrolls of fear
 r - a scroll of enchant armour
 s - 3 scrolls of noise
 t - 5 scrolls of holy word
 u - 4 scrolls of vulnerability
 v - 3 scrolls of teleportation
 w - 2 scrolls of blinking
 C - 2 scrolls of amnesia {unknown}
 F - 2 scrolls of silence {unknown}
 I - 3 scrolls of identify
 K - 2 scrolls of summoning {unknown}
 N - a scroll of enchant weapon {unknown}
Potions
 e - 2 potions of attraction {unknown}
 f - a potion of mutation {unknown}
 j - 3 potions of degeneration {unknown}
 m - 3 potions of curing
 n - a potion of berserk rage
 p - 6 potions of might
 q - 3 potions of ambrosia {unknown}
 x - 3 potions of heal wounds {unknown}
 A - 2 potions of invisibility {unknown}
 H - a potion of flight {unknown}
 M - a potion of cancellation {unknown}
 O - a potion of brilliance {unknown}


   Skills:
 - Level 1.7 Dodging
 - Level 1.4 Stealth
 - Level 8.0 Spellcasting
 - Level 5.0 Conjurations
 + Level 10.6 Transmutations
 + Level 11.0 Air Magic
 - Level 5.0 Earth Magic
 - Level 6.0 Poison Magic


You had 11 spell levels left.
You knew the following spells:

 Your Spells              Type           Power      Damage    Failure   Level
a - Sandblast             Erth           84%        2d18      1%          1
b - Stone Arrow           Conj/Erth      84%        3d12      1%          3
c - Poisonous Vapours     Pois/Air       84%        N/A       1%          2
d - Ignite Poison         Fire/Tmut/Pois 30%        N/A       1%          3
e - Storm Form            Tmut/Air       25%        N/A       71%         7

Your spell library contained the following spells:

 Spells                   Type           Power      Damage    Failure   Level
 Inner Flame              Hex/Fire       8%         N/A       9%          3
 Passwall                 Tmut/Erth      46%        N/A       1%          2
 Conjure Flame            Conj/Fire      18%        6-21      3%          3
 Dazzling Flash           Conj/Hex       36%        N/A       3%          3
 Petrify                  Tmut/Erth      56%        N/A       4%          4
 Iskenderun's Mystic Bla  Conj/Tloc      18%        2d6       11%         4
 Sticky Flame             Conj/Fire      18%        2d4       11%         4
 Blink                    Tloc           16%        N/A       16%         2
 Summon Guardian Golem    Hex/Summ       8%         N/A       30%         3
 Starburst                Conj/Fire      9%         6d5       78%         6
 Orb of Destruction       Conj           14%        9d7       93%         7
 Manifold Assault         Tloc           8%         N/A       96%         5
 Spellforged Servitor     Conj/Summ      9%         N/A       99%         7


Dungeon Overview and Level Annotations

Branches:
Dungeon (10/15)            Temple (1/1) D:5            Lair (5/6) D:9
 Shoals (0/4) Lair:2       Spider (0/4) Lair:2          Orc (0/2) D:10
  Slime: Lair:5-6

Altars:
Ashenzari
Cheibriados
Elyvilon
Fedhas
Gozag
Hepliaklqana
Kikubaaqudgha
Makhleb
Nemelex Xobeh
Okawaru
Qazlal
Sif Muna
Vehumet
Xom
Yredelemnul
Zin

Shops:
D:4 :![   D:6 :

Annotations:
D:3 Terence


Innate Abilities, Weirdness & Mutations

You are too large for most types of armour.
You have tough skin. (AC +1)


Message History

You feel very sick.
The black mamba bites you but does no damage. x2
Unknown command.
It was a potion of berserk rage.
A red film seems to cover your vision as you go berserk!
You feel yourself moving faster!
You feel mighty!
You feel sick. The black mamba bites you!
You are more poisoned.
The black mamba poisons you! The black mamba bites you!
You hit the black mamba.
The black mamba is severely wounded.
You feel very sick. The black mamba bites you.
* * * LOW HITPOINT WARNING * * *
You barely miss the black mamba.
The black mamba is severely wounded.
You feel very sick. The black mamba bites you.
* * * LOW HITPOINT WARNING * * *
You hit the black mamba!
The black mamba is almost dead.
You feel very sick. The black mamba barely misses you. x2
You closely miss the black mamba.
The black mamba is almost dead.
You feel very sick. The black mamba closely misses you.
The black mamba bites you but does no damage.
You barely miss the black mamba.
The black mamba is almost dead.
You feel very sick.
The black mamba bites you but does no damage.
You miss the black mamba.
The black mamba is almost dead.
You feel very sick. The black mamba bites you!
* * * LOW HITPOINT WARNING * * *
You are lethally poisoned!
The black mamba poisons you! The black mamba bites you!
You die...

###
#@#
#S#
#.#
...
.P.
#....
..P.P
#.
...


You could see a black mamba.

Vanquished Creatures
  2 hydras (Lair:4)
  A lindwurm (Lair:4)
  Pikel (D:7)
  2 black mambas
  8 cane toads
  Joseph (D:8)
  2 rime drakes (Lair:3)
  8 komodo dragons
  A troll (D:10)
  A polar bear (Lair:3)
  5 blink frogs (Lair:2)
  3 culicivoras (Lair:2)
  A meliai zombie (D:10)
  A shadow (D:10)
  A wraith (D:9)
  Sigmund (D:3)
  6 wyverns
  6 yaks
  Grum (D:8)
  A steam dragon (D:9)
  9 water moccasins
  A swamp drake (D:9)
  A floating eye (shapeshifter) (D:10)
  A sky beast (D:8)
  2 ice beasts
  3 orc warriors
  4 wolves
  A black bear (D:7)
  2 ogres
  2 centaurs
  2 kobold brigands
  14 bullfrogs
  2 gnoll sergeants (D:9)
  2 scorpions
  10 killer bees
  15 wights
  7 howler monkeys
  5 centaur zombies
  3 orc priests
  2 centaur skeletons
  A jelly (D:7)
  Jessica (D:2)
  2 iguanas
  Natasha (thrice) (D:2)
  3 orc wizards
  Robin (D:3)
  12 gnolls
  5 adders
  2 ufetubi
  An adder skeleton (D:4)
  2 worms
  3 dart slugs
  19 orcs
  2 endoplasms
  A giant cockroach (D:3)
  10 goblins
  9 hobgoblins
  17 jackals
  3 quokkas
  9 ball pythons
  8 bats
  4 frilled lizards
  18 kobolds
  5 rats
282 creatures vanquished.

Vanquished Creatures (others)
  A fungus (Lair:2)
  26 plants
27 creatures vanquished.

Grand Total: 309 creatures vanquished

Notes
Turn   | Place    | Note
-------+----------+-------------------------------------------
     0 | D:1      | Bruhh the Ogre Earth Elementalist began the quest for the
                  | Orb.
     0 | D:1      | Reached XP level 1. HP: 16/16 MP: 3/3
   441 | D:1      | Reached XP level 2. HP: 24/24 MP: 3/5
   900 | D:1      | Reached XP level 3. HP: 31/31 MP: 4/7
  1882 | D:2      | Noticed Natasha
  1892 | D:2      | Killed Natasha
  1893 | D:2      | Reached XP level 4. HP: 26/39 MP: 2/10
  1894 | D:2      | Noticed Natasha
  1913 | D:2      | Killed Natasha
  1969 | D:2      | Noticed Natasha
  1974 | D:2      | Killed Natasha
  1975 | D:2      | Reached XP level 5. HP: 35/45 MP: 4/11
  1979 | D:2      | Learned a level 3 spell: Stone Arrow
  2147 | D:2      | Noticed Jessica
  2153 | D:2      | Killed Jessica
  2191 | D:2      | Found a faded altar of an unknown god.
  2433 | D:3      | Noticed Terence
  3066 | D:3      | Reached skill level 1 in Conjurations
  3334 | D:3      | Reached XP level 6. HP: 53/53 MP: 6/13
  3541 | D:3      | Noticed Sigmund
  3760 | D:3      | Killed Sigmund
  3761 | D:3      | Reached skill level 5 in Spellcasting
  3761 | D:3      | Reached skill level 5 in Earth Magic
  3871 | D:3      | Noticed Robin
  4191 | D:3      | Killed Robin
  4533 | D:4      | Found Joprauz's Book Shop.
  4649 | D:4      | Reached XP level 7. HP: 48/59 MP: 0/14
  4790 | D:4      | Found Nunnac's Distillery.
  4822 | D:4      | Found Teebyekk's Antique Armour Emporium.
  5246 | D:5      | Entered Level 5 of the Dungeon
  5546 | D:4      | Reached skill level 5 in Conjurations
  5736 | D:5      | Found a staircase to the Ecumenical Temple.
  5743 | Temple   | Entered the Ecumenical Temple
  5859 | Temple   | Became a worshipper of Vehumet
  5917 | D:5      | Found a shimmering altar of Xom.
  6045 | D:5      | Found an opulent altar of Gozag.
  6133 | D:5      | Found a blossoming altar of Fedhas.
  6425 | D:6      | Reached XP level 8. HP: 67/67 MP: 6/16
  6926 | D:6      | Found Ettezu's Self-Improvement Boutique.
  7837 | D:7      | Reached skill level 1 in Transmutations
  7870 | D:7      | Found a hazy altar of Hepliaklqana.
  7872 | D:7      | Found a broken altar of Ashenzari.
  8301 | D:7      | Reached XP level 9. HP: 71/74 MP: 14/21
  8578 | D:8      | Reached skill level 5 in Transmutations
  8657 | D:8      | Found an ancient bone altar of Kikubaaqudgha.
  9005 | D:8      | Identified the +0 ring mail of the Devil's Team {Regen+
                  | Int-2 Stlth+}
  9058 | D:8      | Reached * piety under Vehumet
  9058 | D:8      | Offered knowledge of Shock by Vehumet.
  9593 | D:8      | Noticed Pikel
  9638 | D:7      | Killed Pikel
  9830 | D:8      | Noticed Grum
  9837 | D:8      | Killed Grum
 10102 | D:8      | Noticed Joseph
 10106 | D:8      | Killed Joseph
 10265 | D:8      | Reached XP level 10. HP: 66/81 MP: 7/22
 11749 | D:9      | Reached ** piety under Vehumet
 11749 | D:9      | Offered knowledge of Poisonous Vapours by Vehumet.
 11754 | D:9      | Learned a level 2 spell: Poisonous Vapours
 11758 | D:9      | Learned a level 3 spell: Ignite Poison
 12038 | D:10     | Entered Level 10 of the Dungeon
 12042 | D:10     | Reached skill level 10 in Transmutations
 12042 | D:10     | Reached skill level 1 in Air Magic
 12042 | D:10     | Reached skill level 1 in Poison Magic
 12076 | D:10     | Reached skill level 2 in Air Magic
 12302 | D:10     | Found a staircase to the Orcish Mines.
 12535 | D:10     | Reached skill level 3 in Air Magic
 12613 | D:10     | Noticed an elephant
 12622 | D:10     | Noticed a death drake
 12966 | D:9      | Reached skill level 4 in Air Magic
 13362 | D:9      | Reached XP level 11. HP: 87/88 MP: 18/23
 13363 | D:9      | Offered knowledge of Inner Flame by Vehumet.
 13438 | D:9      | Found a staircase to the Lair.
 13458 | D:9      | Reached skill level 5 in Air Magic
 13478 | D:9      | Reached skill level 5 in Poison Magic
 13736 | D:10     | Found a burning altar of Makhleb.
 13738 | D:10     | Noticed a blizzard demon
 13754 | D:10     | Found a glowing silver altar of Zin.
 13754 | D:10     | Noticed an angel
 13977 | Lair:1   | Entered Level 1 of the Lair of Beasts
 14208 | Lair:1   | Reached skill level 6 in Air Magic
 14320 | Lair:1   | Found the +4 skin of Zhor {*Englaciate rC+++ SInv}
 14323 | Lair:1   | Reached *** piety under Vehumet
 14587 | Lair:1   | Identified the amulet of Juret {RegenMP rCorr Stlth+}
 15135 | Lair:2   | Reached skill level 7 in Air Magic
 15732 | Lair:2   | Reached skill level 8 in Air Magic
 16221 | Lair:2   | Found a hole to the Spider Nest.
 16329 | Lair:2   | Reached skill level 9 in Air Magic
 16509 | Lair:2   | Found a staircase to the Shoals.
 16841 | Lair:2   | Reached XP level 12. HP: 27/96 MP: 5/24
 17428 | Lair:3   | Reached skill level 10 in Air Magic
 18114 | D:4      | Bought an Inescapable Atlas for 442 gold pieces
 18122 | D:4      | Learned a level 7 spell: Storm Form
 18430 | Lair:4   | Noticed a five-headed hydra
 18436 | Lair:4   | Killed a five-headed hydra
 19182 | Lair:4   | Noticed a four-headed hydra
 19188 | Lair:4   | Killed a four-headed hydra
 19189 | Lair:4   | Reached skill level 11 in Air Magic
 19497 | Lair:5   | Mangled by a black mamba

Illustrated notes

Levels and vault maps discovered:
D:1:      minmay_arrival_jagged, layout_basic, serial_glass, glass_columns_b,
          glass_columns_c
D:2:      layout_rooms, hellmonk_ecumenical_altar_run_dry, uniq_natasha,
          uniq_jessica
D:3:      layout_basic, uniq_robin, uniq_terence, uniq_sigmund
D:4:      layout_rooms, serial_shops, shop, shop, shop,
          kennysheep_generic_room_7
D:5:      layout_basic, kennysheep_mini_moat,
          mainiacjoe_overflow_large_starburst,
          minmay_temple_entry_gardened_gates, due_unseen_surprise
D:6:      layout_cave_pools, serial_column_ruins, column_ruins_square_medium,
          column_ruins_grid_3, column_ruins_columns_corner,
          column_ruins_open_small, column_ruins_grid_2, column_ruins_open_large,
          nicolae_shop_self_help
D:7:      layout_gridville, gammafunk_temple_overflow_wave
D:8:      layout_loops_corners, kiku_gazebo_pond_becter, uniq_grum, uniq_pikel,
          uniq_joseph
D:9:      layout_irregular_city, erik_lair_dragon
D:10:     layout_loops_ring, grunt_temple_overflow_order_and_chaos_2
Temple:   dpeg_chambers_temple
Lair:1:   layout_regular_city, gauntlet_entry_generic, serial_bayou_pond_e,
          hellmonk_guarded_unrand_zhor, infiniplex_staircase_pool
Lair:2:   layout_loops_ring, shoals_dummy_entry,
          hellmonk_spider_entry_life_and_decay, lemuel_fruit_fields
Lair:3:   layout_cave_pods, infiniplex_staircase_pool_2, grunt_megastairs_4
Lair:4:   layout_roguey, minivault_23, serial_bayou_pond_b
Lair:5:   minmay_lair_oklob_tunnel, layout_concentric_octagons,
          dpeg_slime_entry_enclosed_altar, serial_forest,
          infiniplex_forest_split, infiniplex_forest_lined_corner,
          infiniplex_forest_clump_large, infiniplex_forest_diagonal,
          infiniplex_forest_end_3, infiniplex_forest_diagonal,
          infiniplex_forest_straight_1, infiniplex_forest_lined_2,
          infiniplex_forest_lined_2, infiniplex_forest_lined_2,
          serial_bayou_ford_a, st_stairs_8

Skill      XL: |  1  2  3  4  5  6  7  8  9 10 11 12 |
---------------+-------------------------------------+-----
Earth Magic    | 3 4 5 |  5.0
Spellcasting   | 3 4 5 8 |  8.0
Conjurations   | 1 3 5 |  5.0
Transmutations | 4 8 10 | 10.6
Air Magic      | 4 9 11 | 11.0
Poison Magic   | 4 6 |  6.0
Dodging        | |  1.7
Stealth        | |  1.4

Action                   |  1- 3 |  4- 6 |  7- 9 | 10-12 || total
-------------------------+-------+-------+-------+-------++-------
Melee: Unarmed           |    33 |       |       |       ||    33
       Club              |    24 |    12 |       |       ||    36
       Staff             |       |    25 |    16 |    17 ||    58
       Punch             |       |     2 |     1 |       ||     3
Throw: Stone             |       |       |       |     8 ||     8
 Cast: Sandblast         |    60 |    43 |     5 |    52 ||   160
       Stone Arrow       |       |    47 |   110 |   260 ||   417
       Poisonous Vapours |       |       |       |     4 ||     4
       Ignite Poison     |       |       |       |     1 ||     1
  Use: Potion            |       |     2 |       |     3 ||     5
       Scroll            |       |       |       |    12 ||    12
Armor: Robe              |    28 |    43 |    11 |     7 ||    89
       Troll leather arm |       |       |       |    57 ||    57
Dodge: Dodged            |    40 |    38 |    29 |    95 ||   202
